 Dungeon Crawl Stone Soup version 0.20.1-1-g8b1a95d (webtiles) character file.

84 Sandy the Cutter (level 4, -8/34 HPs)
             Began as a Demigod Artificer on Aug 29, 2017.
             Mangled by Edmund
             ... wielding a +1 dire flail of draining
              (11 damage)
             ... on level 4 of the Dungeon.
             The game lasted 00:13:07 (2542 turns).

Sandy the Cutter (Demigod Artificer)                Turns: 2542, Time: 00:13:09

Health: -8/34      AC:  4    Str: 17    XL:     4   Next: 3%
Magic:  8/8        EV: 11    Int: 15    God:
Gold:   135        SH:  0    Dex: 16    Spells: 3/3 levels left

rFire    . . .     SeeInvis .   b - +0 short sword
rCold    . . .     Gourm    .   (no shield)
rNeg     . . .     Faith    .   l - +1 leather armour
rPois    .         Spirit   .   (no helmet)
rElec    .         Reflect  .   (no cloak)
rCorr    .         Harm     .   (no gloves)
MR       .....                  (no boots)
Stlth    +.........             (no amulet)
Regen    0.2/turn               (no ring)
MPRegen  0.2/turn               (no ring)

@: drained
A: high mp 1
a: no special abilities


You were on level 4 of the Dungeon.
You were not hungry.

You visited 1 branch of the dungeon, and saw 5 of its levels.

You collected 135 gold pieces.

Inventory:

Hand Weapons
 a - a +0 dagger
 b - a +0 short sword (weapon)
 q - a +0 spear
Armour
 k - a +0 ring mail
 l - a +1 leather armour (worn)
Wands
 c - a wand of flame (11/48)
 d - a wand of enslavement (15/24)
 e - a wand of random effects (12/48)
Scrolls
 g - 4 scrolls of identify {unknown}
 n - 3 scrolls of remove curse {unknown}
Potions
 i - 2 potions of brilliance {unknown}
 j - 2 potions of lignification {unknown}
 m - a potion of curing {unknown}
 r - a potion of flight {unknown}
 u - a potion of invisibility {unknown}
Comestibles
 f - 2 bread rations
 h - 2 meat rations
 p - a royal jelly


   Skills:
 - Level 0.8(0.1) Fighting
 + Level 3.7(2.9) Short Blades
 - Level 1.7(0.9) Dodging
 - Level 0.8(0.1) Stealth
 - Level 2.6(1.8) Evocations


You had 3 spell levels left.
You didn't know any spells.

Dungeon Overview and Level Annotations

Branches:
Dungeon (5/15)
 Temple: D:4-7

Annotations:
D:4 Edmund


Innate Abilities, Weirdness & Mutations

You have an increased reservoir of magic. (+10% MP)


Message History

Edmund resists with significant effort.
This wand has 14 charges left.
Edmund closely misses you.
Evoke which item? (* to show all) (? for menu, Esc to quit)
Aiming: Random Effects
Press: ? - help, Shift-Dir - straight line, f/p - Edmund
Aim: Edmund, wielding a dire flail of draining, wearing a leather armour and carrying a wand of polymorph (?/24) {zapped: 7} (heavily wounded) Edmund resists with significant effort.
This wand has 13 charges left.
Edmund hits you with a dire flail of draining.
You feel drained.
Evoke which item? (* to show all) (? for menu, Esc to quit)
Aiming: Random Effects
Press: ? - help, Shift-Dir - straight line, f/p - Edmund
Aim: Edmund, wielding a dire flail of draining, wearing a leather armour and carrying a wand of polymorph (?/24) {zapped: 7} (heavily wounded)
The fireball explodes!
The fireball engulfs Edmund.
Edmund is severely wounded.
The fireball engulfs you!
* * * LOW HITPOINT WARNING * * *
This wand has 12 charges left.
Edmund hits you with a dire flail of draining!
You die...

#...# ##................
#...# #.................
####...###....##.#.........
#.............##.##.#######
...............##.##.#
##..........###....#..
##..........###....###..
.#................).....
.#.######.....#.@..#..
........#.....###@##
........#.....# .#
..>............ ..
........#.....## .##
#.......#.....# ..
........######. ..
.##....... .. .# .......


You could see Edmund.

Vanquished Creatures
  An ooze (D:1)
  3 dart slugs
  3 leopard geckos (D:1)
  4 giant cockroaches
  6 goblins
  13 hobgoblins
  5 jackals
  4 kobolds
  2 quokkas (D:3)
  8 bats
  8 frilled lizards
  7 rats
64 creatures vanquished.

Notes
Turn   | Place    | Note
-------+----------+-------------------------------------------
     0 | D:1      | Sandy the Demigod Artificer began the quest for the Orb.
     0 | D:1      | Reached XP level 1. HP: 15/15 MP: 5/5
    33 | D:1      | Reached skill level 1 in Short Blades
   307 | D:3      | Reached skill level 2 in Short Blades
   307 | D:3      | Reached XP level 2. HP: 16/22 MP: 6/6
   806 | D:1      | Reached XP level 3. HP: 21/27 MP: 7/7
   842 | D:1      | Reached skill level 3 in Short Blades
  2274 | D:3      | Found a sacrificial altar of Ru.
  2325 | D:3      | Reached XP level 4. HP: 21/34 MP: 8/8
  2470 | D:5      | Entered Level 5 of the Dungeon
  2509 | D:4      | Noticed Edmund
  2542 | D:4      | Mangled by Edmund

Skill      XL: |  1  2  3 |
---------------+----------+-----
Short Blades   | 2 3 |  3.7
Fighting       | |  0.8
Dodging        | |  1.7
Stealth        | |  0.8
Evocations     | |  2.6

Action                   |  1- 3 |  4- 6 || total
-------------------------+-------+-------++-------
Melee: Short sword       |   200 |     4 ||   204
       Dagger            |    66 |       ||    66
Evoke: Wand              |       |     7 ||     7
  Use: Scroll            |       |     3 ||     3
 Stab: Sleeping          |     3 |       ||     3
  Eat: Chunk             |     5 |       ||     5
Armor: Leather armour    |    74 |     1 ||    75
       Skin              |       |     4 ||     4
Dodge: Dodged            |   169 |    14 ||   183
